 Dungeon Crawl Stone Soup version 0.29-a0-187-ga23d9638d5 (webtiles) character file.

Game seed: 3910497666993078440

13219 siradein the Grappler (level 11, 0/99 HPs)
             Began as a Troll Fighter on Feb 21, 2022.
             Was an Elder of Hepliaklqana.
             Slain by a harpy simulacrum (9 damage)
             ... in an ice cave.
             The game lasted 00:37:56 (9887 turns).

siradein the Grappler (Troll Fighter)               Turns: 9887, Time: 00:37:56

Health: 0/99       AC: 10    Str: 26    XL:     11   Next: 72%
Magic:  0/10       EV: 11    Int:  4    God:    Hepliaklqana [****..]
Gold:   609        SH: 10    Dex: 13    Spells: 10/10 levels left

rFire   + . .      SeeInvis .     - Unarmed
rCold   + . .      Faith    .   b - +0 kite shield
rNeg    . . .      Spirit   +   G - +0 swamp dragon scales
rPois   +          Reflect  .   (helmet restricted)
rElec   .          Harm     .   (no cloak)
rCorr   .          Rampage  .   (gloves unavailable)
Will    .....                   (boots unavailable)
Stlth   +.........              z - amulet of guardian spirit
HPRegen 1.06/turn               u - ring of protection from fire
MPRegen 0.12/turn               y - ring of protection from cold

@: no status effects
A: reduced essence, large, unfitting armour, claws 3, regeneration 1, shaggy fur
1, tough skin 1
a: Renounce Religion, Recall Ancestor, Ancestor Identity, Transference, Idealise


You were in an ice cave.
You worshipped Hepliaklqana.
Hepliaklqana was greatly pleased with you.
You visited 2 branches of the dungeon, and saw 12 of its levels.
You also visited: Ice Cave.

You collected 609 gold pieces.

Inventory:

Hand Weapons
 r - a +0 hunting sling
Missiles
 h - 25 poisoned darts
 l - 159 stones
 v - 5 javelins
 w - 2 silver boomerangs
 A - a curare-tipped dart
 F - 6 boomerangs (quivered)
Armour
 b - a +0 kite shield (worn)
 G - +0 swamp dragon scales (worn)
Jewellery
 u - a ring of protection from fire (left claw)
 y - a ring of protection from cold (right claw)
 z - an amulet of guardian spirit (around neck)
Wands
 a - a wand of iceblast (5)
 D - a wand of digging (7)
 E - a wand of paralysis (13)
Scrolls
 g - 4 scrolls of teleportation {unknown}
 i - 3 scrolls of silence {unknown}
 m - a scroll of summoning {unknown}
 n - 2 scrolls of amnesia {unknown}
 o - a scroll of fog
 p - 2 scrolls of fear {unknown}
 s - 5 scrolls of magic mapping {unknown}
 t - a scroll of noise {unknown}
 x - 2 scrolls of enchant weapon {unknown}
 C - a scroll of enchant armour
 I - a scroll of acquirement {unknown}
Potions
 c - 3 potions of might
 d - 4 potions of curing
 e - 3 potions of brilliance
 f - 2 potions of flight {unknown}
 j - a potion of resistance {unknown}
 k - 2 potions of mutation {unknown}
 q - 2 potions of heal wounds {unknown}
 B - a potion of ambrosia {unknown}
 H - a potion of lignification {unknown}
 J - a potion of haste {unknown}


   Skills:
 + Level 8.1 Fighting
 + Level 4.8 Armour
 + Level 8.0 Dodging
 + Level 8.1 Shields
 + Level 9.3 Unarmed Combat


You had 10 spell levels left.
You didn't know any spells.
Your spell library contained the following spells:

 Spells                   Type           Power      Damage    Failure   Level
 Animate Skeleton         Necr           0%         N/A       86%         1
 Apportation              Tloc           0%         N/A       86%         1
 Magic Dart               Conj           0%         1d3       86%         1
 Pain                     Necr           0%         1d4       86%         1
 Call Imp                 Summ           0%         N/A       94%         2
 Mephitic Cloud           Conj/Pois/Air  0%         N/A       99%         3
 Tukima's Dance           Hex            0%         N/A       99%         3
 Vampiric Draining        Necr           0%         2d6       99%         3
 Anguish                  Hex/Necr       0%         N/A       100%        4
 Cause Fear               Hex            0%         N/A       100%        4
 Alistair's Intoxication  Tmut/Pois      0%         N/A       100%        5
 Dragon Form              Tmut           0%         N/A       100%        7
 Enfeeble                 Hex            0%         N/A       100%        7
 Dragon's Call            Summ           0%         N/A       100%        9


Dungeon Overview and Level Annotations

Branches:
Dungeon (11/15)            Temple (1/1) D:4            Lair (0/6) D:10
    Orc (0/2) D:9           IceCv (1/1)

Altars:
Ashenzari
Cheibriados
Dithmenos
Elyvilon
Fedhas
Gozag
Hepliaklqana
Kikubaaqudgha
Makhleb
Nemelex Xobeh
Okawaru
Qazlal
Ru
Sif Muna
Trog
Vehumet
Wu Jian
Xom
Yredelemnul
Zin
The Shining One

Shops:
D:10 [(


Innate Abilities, Weirdness & Mutations

Your life essence is reduced to manifest your ancestor. (-10% HP)
You are too large for most types of armour.
You have claws for hands.
Your natural rate of healing is unusually fast.
You are covered in fur. (AC +1)
You have tough skin. (AC +1)


Message History

An ice devil comes into view.
You block the harpy simulacrum's attack.
The harpy simulacrum claws you. The harpy simulacrum freezes you. You resist.
You block the harpy simulacrum's attack.
The harpy simulacrum claws you. The harpy simulacrum freezes you! You resist.
You block the harpy simulacrum's attack. x2
The harpy simulacrum claws you but does no damage.
You block the harpy simulacrum's attack.
You block the harpy simulacrum's attack.
The harpy simulacrum claws you. The harpy simulacrum freezes you! You resist.
The anaconda simulacrum grabs you. The anaconda simulacrum bites you.
* * * LOW HITPOINT WARNING * * *
The anaconda simulacrum freezes you! You resist.
* * * LOW HITPOINT WARNING * * *
The anaconda simulacrum constricts you.
* * * LOW HITPOINT WARNING * * *
Okay, then.
You escape the anaconda simulacrum's grasp.
The harpy simulacrum claws you!
* * * LOW HITPOINT WARNING * * *
The harpy simulacrum freezes you. You resist.
* * * LOW HITPOINT WARNING * * *
The harpy simulacrum barely misses you.
Unknown command.
The harpy simulacrum claws you but does no damage. x2
The harpy simulacrum claws you but does no damage. x2
The harpy simulacrum closely misses you.
The harpy simulacrum claws you but does no damage.
The harpy simulacrum closely misses you.
You block the harpy simulacrum's attack.
The anaconda simulacrum grabs you.
The anaconda simulacrum bites you but does no damage.
The anaconda simulacrum constricts you.
You escape the anaconda simulacrum's grasp.
The harpy simulacrum claws you but does no damage. x2
The harpy simulacrum claws you but does no damage. x2
You block the harpy simulacrum's attack.
The harpy simulacrum claws you but does no damage.
The harpy simulacrum claws you!
You die...

## ##.# ##...# ####
#.....## ##..##
#..§§..# ##.Z..#
...○§§.## ##..#Z@##
...§§☼..# #..Z###.##
#..§§§§.###..####..#
.#.#.....#Z4##[.#..##
.#.##......##)..##..#
.#..###....##....#..##
......#...###....##..#
......#...# ##....#..#
###...#...# ##.#.##..#


You could see an anaconda simulacrum and a harpy simulacrum.

Vanquished Creatures
  A boulder beetle (D:10)
  3 two-headed ogres
  2 ice statues (IceCv)
  An unseen horror (D:10)
  Maggie (D:7)
  7 ice devils
  An entropy weaver simulacrum (IceCv)
  A troll (D:10)
  A vampire (D:11)
  8 yaks
  Eustachio (D:4)
  2 steam dragons
  Edmund (D:4)
  An acid dragon (D:11)
  An orc warrior (D:9)
  A sky beast (D:8)
  2 black bears
  4 ogres
  A necrophage (D:6)
  2 centaurs
  A phantom (D:5)
  2 kobold brigands
  A bullfrog (D:6)
  A gnoll sergeant (D:8)
  A water moccasin zombie (D:7)
  A scorpion (D:4)
  12 killer bees
  9 wights
  An elephant simulacrum (IceCv)
  3 howler monkeys
  2 centaur zombies
  A bullfrog zombie (D:7)
  3 orc priests
  4 hounds
  2 jellies
  2 bullfrog skeletons
  2 hexers
  2 iguanas (D:5)
  2 orc wizards (D:9)
  2 troll simulacra (IceCv)
  A spriggan simulacrum (IceCv)
  A killer bee zombie (D:8)
  2 wolf simulacra (IceCv)
  A hound skeleton (D:4)
  3 howler monkey zombies
  4 adders
  3 gnolls (D:3)
  A naga simulacrum (IceCv)
  A shadow imp (D:8)
  2 white imps (IceCv)
  5 ufetubi
  An adder skeleton (D:4)
  A dart slug (D:1)
  19 orcs
  7 ball pythons
  7 endoplasms
  5 giant cockroaches
  10 goblins
  6 hobgoblins
  10 jackals
  16 kobolds
  2 quokkas (D:3)
  5 bats
  14 frilled lizards
  3 rats
226 creatures vanquished.

Vanquished Creatures (collateral kills)
  A two-headed ogre (D:11)
  A freezing wraith (IceCv)
  Psyche (D:9)
  A troll (D:10)
  2 yaks (D:9)
  A dire elephant simulacrum (IceCv)
  A water moccasin (D:6)
  An orc warrior (D:9)
  A kobold brigand (D:6)
  A two-headed ogre simulacrum (IceCv)
  A killer bee (D:7)
  3 howler monkeys
  A hound (D:5)
  4 kobolds
20 creatures vanquished.

Vanquished Creatures (others)
  12 hexers
  4 fungi (D:2)
  6 plants (D:2)
22 creatures vanquished.

Grand Total: 268 creatures vanquished

Notes
Turn   | Place    | Note
-------+----------+-------------------------------------------
     0 | D:1      | siradein the Troll Fighter began the quest for the Orb.
     0 | D:1      | Reached XP level 1. HP: 22/22 MP: 0/0
    62 | D:1      | Reached XP level 2. HP: 29/29 MP: 1/1
   235 | D:1      | Reached XP level 3. HP: 36/36 MP: 2/2
   817 | D:2      | Found a faded altar of an unknown god.
  1063 | D:2      | Reached XP level 4. HP: 44/44 MP: 3/3
  1462 | D:3      | Noticed an ogre
  1469 | D:3      | Killed an ogre
  1470 | D:3      | Reached skill level 3 in Unarmed Combat
  1470 | D:3      | Reached XP level 5. HP: 33/53 MP: 4/4
  2009 | D:4      | Reached XP level 6. HP: 41/61 MP: 5/5
  2116 | D:4      | Found a staircase to the Ecumenical Temple.
  2132 | Temple   | Entered the Ecumenical Temple
  2373 | Temple   | Became a worshipper of Hepliaklqana the Forgotten
  2470 | D:4      | Noticed Eustachio
  2470 | D:4      | Noticed Edmund
  2754 | D:4      | Killed Edmund
  2803 | D:4      | Reached skill level 4 in Unarmed Combat
  2808 | D:4      | Reached XP level 7. HP: 48/68 MP: 6/6
  3179 | D:4      | Killed Eustachio
  3205 | D:5      | Entered Level 5 of the Dungeon
  3405 | D:5      | Reached * piety under Hepliaklqana
  3603 | D:5      | Reached skill level 5 in Unarmed Combat
  3603 | D:5      | Reached XP level 8. HP: 71/71 MP: 7/7
  4057 | D:6      | Reached skill level 5 in Fighting
  4057 | D:6      | Reached skill level 5 in Dodging
  4057 | D:6      | Reached skill level 5 in Shields
  4140 | D:6      | Reached ** piety under Hepliaklqana
  4141 | D:6      | Remembered your ancestor Big Smelly Willy as a hexer
  4434 | D:6      | Reached skill level 6 in Unarmed Combat
  4438 | D:6      | Reached XP level 9. HP: 39/79 MP: 8/8
  5158 | D:7      | Noticed a two-headed ogre
  5221 | D:7      | Killed a two-headed ogre
  5760 | D:7      | Noticed Maggie
  5770 | D:7      | Killed Maggie
  5771 | D:7      | Reached skill level 7 in Unarmed Combat
  5935 | D:8      | Reached *** piety under Hepliaklqana
  6118 | D:8      | Reached skill level 1 in Armour
  6140 | D:8      | Noticed a death knight
  6849 | D:9      | Reached XP level 10. HP: 56/90 MP: 6/9
  7061 | D:9      | Found a staircase to the Orcish Mines.
  7202 | D:9      | Noticed a two-headed ogre
  7213 | D:9      | Killed a two-headed ogre
  7262 | D:9      | Noticed Psyche
  7268 | D:9      | Reached skill level 8 in Unarmed Combat
  7287 | D:9      | Killed Psyche
  7697 | D:10     | Entered Level 10 of the Dungeon
  7749 | D:10     | Noticed a boulder beetle
  7762 | D:10     | Killed a boulder beetle
  7971 | D:10     | Found a staircase to the Lair.
  8080 | D:10     | Found Xestrue's Armour Emporium.
  8086 | D:10     | Reached XP level 11. HP: 98/98 MP: 10/10
  8362 | D:10     | Found Micen's Weapon Emporium.
  8450 | D:11     | Noticed a two-headed ogre
  8547 | D:11     | Killed a two-headed ogre
  8571 | D:11     | Noticed a two-headed ogre
  8571 | D:11     | Noticed an eight-headed hydra
  8637 | D:11     | Killed a two-headed ogre
  8878 | D:11     | Found a frozen archway.
  8893 | D:11     | Noticed a four-headed hydra
  8902 | IceCv    | Entered an ice cave
  8950 | IceCv    | Reached skill level 9 in Unarmed Combat
  9367 | IceCv    | Reached **** piety under Hepliaklqana
  9881 | IceCv    | HP: 2/99 [harpy simulacrum (4)]
  9887 | IceCv    | Slain by a harpy simulacrum

Illustrated notes

Levels and vault maps discovered:
D:1:      sevenhm_arrival_forest_fort_small_4, layout_basic
D:2:      layout_basic, shapermc_ecumenical_altar_mp_urbaneastern,
          minmay_lizard_king
D:3:      layout_loops_cross
D:4:      layout_rooms, minmay_temple_entry_ruins, kennysheep_generic_room_3,
          uniq_eustachio, uniq_edmund
D:5:      layout_loops_ring, grunt_decor_mini_mirrors
D:6:      layout_basic, minmay_misc_feat_more_columns, nicolae_sextant
D:7:      layout_basic, uniq_maggie
D:8:      minmay_chambers_of_fours, layout_basic, eat_drink_and_be_merry_uskayaw
D:9:      layout_basic, orc_0_dummy, uniq_psyche
D:10:     layout_loops_ring, lair_entry_dummy, serial_shops,
          nicolae_shop_bloodbath_and_beyond, shop_fountains
D:11:     layout_basic, enter_trove_2, portal_ice_cave_demonic_guard
Temple:   mainiacjoe_temple_starburst
IceCv:    ice_cave_small_demon

Skill      XL: |  1  2  3  4  5  6  7  8  9 10 11 |
---------------+----------------------------------+-----
Dodging        | 3 4 5 6 7 8 |  8.0
Shields        | 3 4 5 6 7 8 |  8.1
Fighting       | 3 4 5 6 7 8 |  8.1
Unarmed Combat | 3 4 5 6 7 8 9 |  9.3
Armour         | 1 3 4 |  4.8

Action                   |  1- 3 |  4- 6 |  7- 9 | 10-12 || total
-------------------------+-------+-------+-------+-------++-------
Melee: Unarmed           |   125 |   152 |   247 |   343 ||   867
Throw: Dart              |       |    12 |     2 |     9 ||    23
       Stone             |       |     2 |       |       ||     2
       Boomerang         |       |       |       |     6 ||     6
Invok: Ancestor Identity |       |       |     1 |       ||     1
       Ancestor Life: He |       |       |     1 |       ||     1
  Use: Scroll            |       |       |       |     5 ||     5
 Stab: Distracted        |       |       |     2 |     2 ||     4
       Confused          |       |       |     2 |     4 ||     6
Armor: Robe              |    41 |    48 |    25 |       ||   114
       Swamp dragon scal |       |       |    22 |   128 ||   150
Dodge: Dodged            |    45 |    87 |   109 |   125 ||   366
Block: Kite shield       |    39 |    80 |   106 |   156 ||   381

Table legend: (Time is in decaauts)
 A = Elapsed time spent in this place.
 B = Non-inter-level travel time spent in this place.
 C = Inter-level travel time spent in this place.
 D = Time resting spent in this place.
 E = Time spent auto-exploring this place.
 F = Levels seen in this place.
 G = Mean time per level.
                   A        B        C        D        E       F      G
               +--------+--------+--------+--------+--------+-----+--------+
         Total |   9908 |   9576 |    332 |    763 |   6295 |  13 |  762.2 |
       Dungeon |   8501 |   8223 |    278 |    417 |   5702 |  11 |  772.8 |
        Temple |    424 |    370 |     54 |    100 |    232 |   1 |  424.0 |
      Ice Cave |    982 |    982 |      0 |    246 |    361 |   1 |  982.0 |
               +--------+--------+--------+--------+--------+-----+--------+

Top non-repeatable levels by time:
     D:7: 1138 daAuts
   IceCv: 982 daAuts
     D:8: 904 daAuts
     D:9: 862 daAuts
     D:6: 811 daAuts
     D:4: 800 daAuts
     D:3: 763 daAuts
     D:5: 761 daAuts
    D:10: 714 daAuts
     D:2: 685 daAuts
     D:1: 572 daAuts
    D:11: 488 daAuts
  Temple: 424 daAuts
